 Dungeon Crawl Stone Soup version 0.31-a0-344-gd109795599 (webtiles) character file.

Game seed: 4949280575855450391

58 GordonOverkill the Sneak (level 3, -5/29 HPs)
             Began as a Mummy Delver on July 22, 2023.
             Killed by divine providence
             ... invoked by an orc priest
              (16 damage)
             ... on level 7 of the Dungeon.
             The game lasted 00:02:06 (539 turns).

GordonOverkill the Sneak (Mummy Delver)              Turns: 539, Time: 00:02:06

Health: -5/29      AC:  3    Str: 15    XL:     3   Next: 76%
Magic:  3/3        EV: 11    Int: 11    God:
Gold:   12         SH:  0    Dex: 13    Spells: 2/2 levels left

rFire   x . .        g - +0 whip (elec)
rCold   + . .        (no shield)
rNeg    + + +        b - +0 leather armour
rPois   ∞            (no helmet)
rElec   .            (no cloak)
rCorr   .            (no gloves)
SInv    .            (no boots)
Will    .....        (no amulet)
Stlth   ++           (no ring)
HPRegen 0.24/turn    (no ring)
MPRegen 0.08/turn

%: faith
@: no status effects
A: cold resistance 1, negative energy resistance 3, torment resistance 2, heat
vulnerability 1, in touch with death 1, no potions, faith
a: no special abilities


You were on level 7 of the Dungeon.
You visited 1 branch of the dungeon, and saw 4 of its levels.

You collected 12 gold pieces.

Inventory:

Hand Weapons
 a - a +0 short sword
 g - a +0 whip of electrocution (weapon)
Armour
 b - a +0 leather armour (worn)
Magical Staves
 e - a staff of conjuration
Wands
 f - a wand of digging (3)
Scrolls
 c - a scroll of fog
 d - a scroll of revelation
 h - a scroll of identify {unknown}
 i - a scroll of fear


   Skills:
 - Level 3.0 Fighting
 - Level 1.5 Short Blades
 + Level 2.8 Maces & Flails
 - Level 1.5 Dodging
 - Level 4.1 Stealth
 + Level 0.1 Spellcasting
 + Level 0.0 Ice Magic


You had 2 spell levels left.
You didn't know any spells.
Your spell library contained the following spells:

 Spells                   Type           Power      Damage    Failure   Level
 Hailstorm                Conj/Ice       0%         3d3       78%         3
 Summon Ice Beast         Ice/Summ       0%         N/A       99%         4
 Simulacrum               Ice/Necr       0%         N/A       100%        6


Dungeon Overview and Level Annotations

Branches:
Dungeon (8/15)
 Temple: D:4-7         Lair: D:8-11

Altars:

Annotations:
D:8 Maggie


Innate Abilities, Weirdness & Mutations

You are immune to poison.
Your flesh is cold resistant. (rC+)
You are immune to negative energy. (rN+++)
You are immune to unholy pain and torment.
You are vulnerable to heat. (rF-)
You are in touch with the powers of death.
You do not drink.
You have a special connection with the divine. (Faith)


Message History

An orc comes into view. It is wielding a +0 short sword.
Found 12 gold pieces.
You see here a book of the Tundra.
You pick up a book of the Tundra and begin reading...
You add the spells Hailstorm, Summon Ice Beast and Simulacrum to your library.
The orc hits you with a +0 short sword.
You completely miss the orc. The orc closely misses you.
You hit the orc.
The orc is lightly wounded.
The orc barely misses you.
You hit the orc. Lightning courses through the orc!
You kill the orc!
No target in view!
No target in view!
No target in view!
You now have 12 gold pieces.
An orc comes into view.
It is wielding a +0 dagger. 2 orc priests come into view.
The orc priest shouts! x2
An orc comes into view. It is wielding a +0 hand axe.
The orc priest miscasts a cantrip.
You start waiting.
An orc priest is nearby!
An orc is nearby!
An orc is nearby!
The orc priest hits you with a +0 morningstar!
* * * LOW HITPOINT WARNING * * *
The orc priest attacks as you move away!
The orc priest barely misses you.
The orc priest miscasts a cantrip.
The orc priest attacks as you move away!
The orc priest hits you with a +0 morningstar.
* * * LOW HITPOINT WARNING * * *
The orc priest attacks as you move away!
The orc priest hits you with a +0 morningstar.
* * * LOW HITPOINT WARNING * * *
The orc priest mumbles some strange prayers to Beogh against you.
Beogh smites you!
Ouch! That really hurt!
You die...

#...........# .......o
#........#.## .. ....#
#........#.# #.# #.o.#
#....>...#.# .. #...#
#..........# .# ###o.#.#
#########.####o# #......#
##.......# #..###.#......
##.......####.###o.#####..
#........@##..##..## .
#.........#......##
#.........o..o####
#............## ###
#............#.....
##......)#.....#
#...........)###
#............#
#............#


You could see an orc priest.

Vanquished Creatures
  A howler monkey (D:6)
  An adder (D:6)
  A white imp (D:6)
  2 orcs
5 creatures vanquished.

Notes
Turn   | Place    | Note
-------+----------+-------------------------------------------
     0 | D:5      | GordonOverkill the Mummy Delver began the quest for the
                  | Orb.
     0 | D:5      | Reached XP level 1. HP: 18/18 MP: 1/1
     5 | D:5      | Noticed an iguana
    80 | D:6      | Noticed a howler monkey
    96 | D:6      | Killed a howler monkey
    97 | D:6      | Reached XP level 2. HP: 11/24 MP: 2/2
    97 | D:6      | Gained mutation: You are in touch with the powers of death.
                  | [Mummy growth]
    97 | D:6      | Reached XP level 3. HP: 13/29 MP: 3/3
   162 | D:6      | Noticed a black bear
   309 | D:6      | Noticed an ogre
   415 | D:8      | Noticed an ice beast
   425 | D:8      | Noticed Maggie
   539 | D:7      | Killed from afar by an orc priest

Illustrated notes

Levels and vault maps discovered:
D:5:      layout_rooms
D:6:      layout_loops_ring, wad_floor_pattern_1
D:7:      minmay_chambers_of_fours, layout_rooms, uniq_duvessa
D:8:      layout_gridville, uniq_maggie, uniq_pikel, uniq_joseph

Skill      XL: |  1 |
---------------+----+-----
Maces & Flails | 2 |  2.8
Fighting       | |  3.0
Short Blades   | |  1.5
Dodging        | |  1.5
Stealth        | |  4.1
Spellcasting   | |  0.1

Action                     || total
---------------------------++-------
  Melee: Whip              ||    29
   Stab: Sleeping          ||     1
 Armour: Leather armour    ||     5
  Dodge: Dodged            ||    17

Table legend: (Time is in decaauts)
 A = Elapsed time spent in this place.
 B = Non-inter-level travel time spent in this place.
 C = Inter-level travel time spent in this place.
 D = Time resting spent in this place.
 E = Time spent auto-exploring this place.
 F = Levels seen in this place.
 G = Mean time per level.
                   A        B        C        D        E       F      G
               +--------+--------+--------+--------+--------+-----+--------+
         Total |    539 |    539 |      0 |    278 |      0 |   4 |  134.8 |
       Dungeon |    539 |    539 |      0 |    278 |      0 |   4 |  134.8 |
               +--------+--------+--------+--------+--------+-----+--------+

Top non-repeatable levels by time:
     D:6: 373 daAuts
     D:7: 119 daAuts
     D:5: 29 daAuts
     D:8: 17 daAuts
